[Event "*** MasterClass Titled Tuesday Blitz"]
[Site "Chess.com"]
[Date "2017.09.05"]
[Round "4"]
[White "MITerryble"]
[Black "Oneofmyturns"]
[Result "1-0"]
[WhiteElo "2696"]
[BlackElo "2471"]
[TimeControl "180+2"]
[EndTime "13:57:08 PDT"]
[Termination "MITerryble won by resignation"]

1. d4 Nf6 2. Nf3 d5 3. c4 e6 4. e3 Be7 5. Bd3 dxc4 6. Bxc4 a6 7. O-O O-O 8. a3 b5 9. Ba2 c5 10. Qe2 Nbd7 11. dxc5 Bxc5 12. b4 Bb6 13. Bb2 Qe7 14. Nbd2 Bb7 15. Rac1 Rac8 16. Bb1 Rxc1 17. Rxc1 Rc8 18.
Rd1 h6 19. Nb3 Bd5 20. Nbd4 Ne4 21. Nf5 exf5 22. Rxd5 Ndf6 23. Rxf5 Nc3 24. Qc2 Qc7 25. Rxf6 gxf6 26. Qh7+ Kf8 27. Bf5 Rd8 28. g3 Qc6 29.
Kg2 Bc7 30. Qxh6+ Ke7 31. Qh4 Be5 32. Qg4 Qd5 33. Bxc3 Bxc3 34. h4 Bb2 35. h5 Bxa3 36. h6 Qc4 37. Be4 Bxb4 38. Nh4 Re8 39. Qf4 Bd6 40.
Nf5+ 1-0

[Event "*** MasterClass Titled Tuesday Blitz"]
[Site "Chess.com"]
[Date "2017.09.05"]
[Round "4"]
[White "kikydu96"]
[Black "livestrong04"]
[Result "1-0"]
[WhiteElo "2320"]
[BlackElo "2362"]
[TimeControl "180+2"]
[EndTime "13:57:09 PDT"]
[Termination "kikydu96 won by resignation"]

1. b3 d5 2. Bb2 Nf6 3. g3 c5 4.
Bg2 g6 5. Nf3 Bg7 6. O-O O-O 7.
d3 Nc6 8. c4 d4 9. Nbd2 e5 10. a3 Bg4 11. h3 Bf5 12. Ng5 Qd7 13.
Kh2 Rae8 14. Nge4 b6 15. b4 Nxe4 16. Nxe4 cxb4 17. axb4 Nxb4 18. Ba3 a5 19. Qb3 h6 20. Bxb4 axb4 21. Qxb4 Bxe4 22. Bxe4 f5 23. Bd5+ Kh7 24. Qxb6 e4 25. Ra7 Qd8 26. Qb7 Qf6 27. dxe4 fxe4 28. Bxe4 Rb8 29. Qc6 Qxc6 30. Bxc6 Rb2 31. Re7 d3 32.
exd3 Rfxf2+ 33. Rxf2 Rxf2+ 34. Kg1 Rd2 35. Be4 h5 36. h4 Rc2 37. Kf1 Rb2 38. Re6 Kh8 39.
Rxg6 Bd4 40. Rg5 Rf2+ 41. Ke1 Rh2 42. Rxh5+ Kg7 43. Rg5+ Kf6 44. c5 Rc2 45. c6 Be3 46. Rf5+ Ke6 47. g4 Ra2 48. Rf3 Bd4 49. h5 Bc3+ 50. Kd1 Ba5 51. h6 Bc3 52. h7 Rh2 53.
c7 Kd7 54. Rf7+ Kc8 55. Bf5+ 1-0

[Event "*** MasterClass Titled Tuesday Blitz"]
[Site "Chess.com"]
[Date "2017.09.05"]
[Round "4"]
[White "krzyzan94"]
[Black "3f32"]
[Result "0-1"]
[WhiteElo "2491"]
[BlackElo "2378"]
[TimeControl "180+2"]
[EndTime "13:57:13 PDT"]
[Termination "3f32 won by resignation"]

1. e4 c5 2. Nf3 d6 3. d4 cxd4 4. Nxd4 Nf6 5. Nc3 a6 6. Bg5 Nbd7 7. f4 Qc7 8. Qf3 e5 9. Nf5 h6 10. Bxf6 Nxf6 11. Ne3 exf4 12. Qxf4 Be6 13. Ned5 Bxd5 14. exd5 Be7 15. Bd3 Qc5 16. Qa4+ Kf8 17. O-O-O Nxd5 18. Nxd5 Qxd5 19. Kb1 Bf6 20. Bc4 Qxg2 21. Qd7 Qg6 22.
Rhg1 Qh5 23. Rdf1 Rd8 24. Qxb7 d5 25. Bd3 Qxh2 26. Qb6 Qd6 27. Qxa6 Qxa6 28. Bxa6 Rb8 29. b3 Bc3 30. Rf3 d4 31. Bc4 Rb7 32. a4 g5 33.
Rgf1 Rh7 34. Rf6 d3 35. Bxd3 Bxf6 36. Bxh7 Kg7 37. Be4 Re7 38. Bd5 g4 39. a5 g3 40. a6 Bd4 41. Rf4 Re1+ 0-1

[Event "*** MasterClass Titled Tuesday Blitz"]
[Site "Chess.com"]
[Date "2017.09.05"]
[Round "4"]
[White "jlandaw"]
[Black "belisarius64"]
[Result "0-1"]
[WhiteElo "2396"]
[BlackElo "2322"]
[TimeControl "180+2"]
[EndTime "13:57:20 PDT"]
[Termination "belisarius64 won by resignation"]

1. e4 c5 2. Nc3 Nc6 3. g3 g6 4.
Bg2 Bg7 5. d3 d6 6. f4 e6 7. Nf3 Nge7 8. O-O O-O 9. Be3 Rb8 10. a3 b5 11. d4 cxd4 12. Nxd4 a6 13. Nb3 Qc7 14. Rf2 Bb7 15. Rd2 Rfd8 16. Qf3 Rbc8 17.
Qf2 Rd7 18. Bb6 Qb8 19. Nc5 dxc5 20. Rxd7 Bd4 21. Rxd4 Nxd4 22. Bxc5 Nxc2 23. Rc1 Nxa3 24. Bxa3 Nc6 25. Bc5 Na5 26. b4 Nb3 27. Rc2 Nxc5 28. bxc5 Qa7 29. Nd1 b4 30. Nb2 a5 31. c6 Qxf2+ 32.
Kxf2 Rxc6 33. Rxc6 Bxc6 34. Ke3 a4 35. Nd3 b3 36. Kd4 a3 37. Kc3 b2 38. Kc2 f5 39.
Nc5 Kf7 40. Nxe6 Ba4+ 41. Kb1 Kxe6 42. e5 Bb5 0-1

[Event "*** MasterClass Titled Tuesday Blitz"]
[Site "Chess.com"]
[Date "2017.09.05"]
[Round "4"]
[White "popov_m"]
[Black "XDPS"]
[Result "0-1"]
[WhiteElo "2417"]
[BlackElo "2563"]
[TimeControl "180+2"]
[EndTime "13:57:23 PDT"]
[Termination "XDPS won by checkmate"]

1. d4 d5 2. Bf4 Nf6 3. e3 e6 4. Nd2 Bd6 5. Bg3 c5 6. c3 O-O 7.
Ngf3 Qc7 8. Bd3 Nbd7 9. Qe2 e5 10. dxe5 Nxe5 11. Nxe5 Bxe5 12. Nf3 Bxg3 13. hxg3 Re8 14.
Rh4 h6 15. Qc2 Bg4 16. O-O-O Rad8 17. Bf5 Bxf5 18. Qxf5 Ne4 19. Nd2 Re5 20. Qf3 Ng5 21.
Qg4 Ne6 22. Rxh6 Rg5 23. Qh4 gxh6 24. Qxh6 Rg6 25. Qh4 Qe5 26. Rh1 Qf6 27. Qh7+ Kf8 28. f4 Rxg3 29. Nf3 d4 30. Ne5 dxe3 31. Qe4 Nxf4 32.
Rh7 Ne2+ 33. Kc2 Rd2+ 34. Kb1 Nxc3+ 35. bxc3 Qb6+ 36. Kc1 Qb2# 0-1

[Event "*** MasterClass Titled Tuesday Blitz"]
[Site "Chess.com"]
[Date "2017.09.05"]
[Round "4"]
[White "TrickyTrapChess"]
[Black "TomsKantans"]
[Result "1-0"]
[WhiteElo "2298"]
[BlackElo "2425"]
[TimeControl "180+2"]
[EndTime "13:57:24 PDT"]
[Termination "TrickyTrapChess won on time"]

1. c4 e5 2. Nc3 Nc6 3. g3 Bc5 4. Bg2 d6 5. e3 a6 6. a3 Ba7 7. Nge2 h5 8. h4 Bg4 9. O-O Qd7 10. Kh2 Nge7 11. f3 Be6 12. d3 O-O-O 13. b4 f6 14. Rb1 d5 15. b5 Nb8 16. Qb3 a5 17. cxd5 Nxd5 18. Nxd5 Bxd5 19. Qc2 Bb6 20. Nc3 Be6 21. Na4 Qd6 22. Bd2 Nd7 23. Rfc1 Kb8 24.
Qc3 g5 25. Nxb6 cxb6 26. e4 gxh4 27. gxh4 Nc5 28. Be3 Rc8 29. Qd2 Rhd8 30. Bf1 Nb3 31. Rxc8+ Rxc8 32. Qf2 Qxa3 33. Bxb6 Nc5 34. d4 exd4 35.
Qxd4 Qxf3 36. Bxc5 Qf4+ 37. Kg1 Rg8+ 38. Bg2 Rxg2+ 39.
Kxg2 Qg4+ 40. Kf1 Qf3+ 41. Ke1 Qh1+ 42. Qg1 Qxe4+ 43. Kd2 1-0

[Event "*** MasterClass Titled Tuesday Blitz"]
[Site "Chess.com"]
[Date "2017.09.05"]
[Round "4"]
[White "Adham_Fawzy"]
[Black "HanSchut"]
[Result "1-0"]
[WhiteElo "2391"]
[BlackElo "2323"]
[TimeControl "180+2"]
[EndTime "13:57:28 PDT"]
[Termination "Adham_Fawzy won by resignation"]

1. e4 c5 2. Nf3 d6 3. d4 cxd4 4. Nxd4 Nf6 5. Nc3 a6 6. Be3 e5 7. Nb3 Be6 8. f3 Be7 9. Qd2 O-O 10. Nd5 Nxd5 11. exd5 Bf5 12. c4 Nd7 13. Be2 b6 14. O-O a5 15. Rac1 h6 16. f4 Bh7 17. Bd3 f5 18.
fxe5 Nxe5 19. Be2 Bg5 20. Nd4 Bxe3+ 21. Qxe3 Qf6 22. Ne6 Rf7 23. Qxb6 Qe7 24. Rfe1 Nd7 25. Qd4 Nc5 26. Bh5 g6 27. Bf3 Qf6 28. Qxf6 Rxf6 29. Nxc5 dxc5 30. Re7 Rf7 31. d6 Rxe7 32. dxe7 Re8 33.
Re1 Kg7 34. Bc6 Kf7 35. Bxe8+ Kxe8 36. Re5 Bg8 37. b3 Bf7 38. Kf2 Kd7 39. Ke3 Be8 40.
h4 Kd6 41. Kf4 Bd7 42. e8=Q Bxe8 43. Rxe8 1-0

[Event "*** MasterClass Titled Tuesday Blitz"]
[Site "Chess.com"]
[Date "2017.09.05"]
[Round "4"]
[White "AdrianaNikolova"]
[Black "Robin-Side"]
[Result "1-0"]
[WhiteElo "2258"]
[BlackElo "2287"]
[TimeControl "180+2"]
[EndTime "13:57:28 PDT"]
[Termination "AdrianaNikolova won by resignation"]

1. e4 c5 2. Nf3 Nc6 3. d4 cxd4 4. Nxd4 e5 5. Nb5 d6 6. c4 Be7 7. N1c3 a6 8. Na3 f5 9. Bd3 f4 10. Nd5 Be6 11. g3 Nf6 12. gxf4 exf4 13. Bxf4 O-O 14.
Bg3 Ne5 15. Bxe5 dxe5 16. Nc2 b5 17. b3 Bc5 18. Nce3 bxc4 19. bxc4 Rb8 20. Rb1 Rxb1 21. Bxb1 Nxd5 22. exd5 Bxe3 23. fxe3 Qh4+ 24. Kd2 Rf2+ 25. Kc3 Qe7 26. dxe6 a5 27. Qb3 e4 28. Bxe4 Qf6+ 29. Kd3 Qd8+ 30. Bd5 Qd6 31. e7+ 1-0

[Event "*** MasterClass Titled Tuesday Blitz"]
[Site "Chess.com"]
[Date "2017.09.05"]
[Round "4"]
[White "GrigorGrigorov"]
[Black "sergiochess83"]
[Result "0-1"]
[WhiteElo "2596"]
[BlackElo "2764"]
[TimeControl "180+2"]
[EndTime "13:57:30 PDT"]
[Termination "sergiochess83 won by resignation"]

1. d4 Nf6 2. c4 g6 3. Nc3 d5 4.
cxd5 Nxd5 5. g3 Bg7 6. Bg2 Nxc3 7.
bxc3 O-O 8. Nf3 c5 9. O-O Qa5 10. Qb3 Nd7 11. Ba3 Rb8 12. Rab1 b6 13. Rfd1 Bb7 14.
e3 Rbc8 15. c4 cxd4 16. exd4 Rfe8 17. Rbc1 e6 18. Bb4 Qh5 19. h3 b5 20. g4 bxc4 21.
Qa4 Qd5 22. Ne1 Bc6 23. Qxa7 Qb5 24. Bxc6 Qxc6 25. Qa3 Nb6 26. Bc5 e5 27. Bxb6 Qxb6 28. d5 e4 29. d6 Bb2 30. Qa4 Ra8 31. d7 Red8 32. Qxc4 Bxc1 33. Qxc1 Rxa2 34. Nc2 Qc6 35. Qd2 Qxc2 0-1

[Event "*** MasterClass Titled Tuesday Blitz"]
[Site "Chess.com"]
[Date "2017.09.05"]
[Round "4"]
[White "kleinebeer98"]
[Black "Izoria123"]
[Result "0-1"]
[WhiteElo "2445"]
[BlackElo "2657"]
[TimeControl "180+2"]
[EndTime "13:57:41 PDT"]
[Termination "Izoria123 won by resignation"]

1. e4 d6 2. d4 g6 3. Nc3 Bg7 4. h4 Nf6 5. h5 Nxh5 6. g4 Nf6 7. g5 Nfd7 8. f4 Nb6 9. a4 a5 10. Be3 Nc6 11. Bb5 Bd7 12. Nf3 Nb4 13. Qe2 d5 14.
Ne5 c6 15. Bd3 Nxd3+ 16. cxd3 f6 17. Nf3 Bg4 18. Qg2 Qd7 19. Rh4 Bh5 20. Rc1 O-O-O 21. f5 Kb8 22. Bf4+ Ka8 23. Qd2 Nc8 24. Nb5 b6 25. Nc7+ Kb7 26. exd5 Bxf3 27. dxc6+ Bxc6 28. d5 Bxd5 29. Ne6 Nd6 30. Rc7+ Qxc7 31. Nxc7 Kxc7 32. b4 fxg5 33. Bxg5 Nxf5 34. Rh2 Ra8 35. b5 Kd7 36. Re2 Rac8 37. Kf2 Bd4+ 38. Be3 Nxe3 39. Rxe3 Rhf8+ 40. Ke2 Rf5 41. Re4 Bxe4 42. dxe4 Rf2+ 0-1

[Event "*** MasterClass Titled Tuesday Blitz"]
[Site "Chess.com"]
[Date "2017.09.05"]
[Round "4"]
[White "DiogenesSinopeus"]
[Black "ftorodent"]
[Result "0-1"]
[WhiteElo "2385"]
[BlackElo "2467"]
[TimeControl "180+2"]
[EndTime "13:57:50 PDT"]
[Termination "ftorodent won by resignation"]

1. d4 f5 2. Bg5 g6 3. e4 fxe4 4.
Nc3 Bg7 5. f3 d5 6. Qd2 Nf6 7.
O-O-O O-O 8. fxe4 Nxe4 9. Nxe4 dxe4 10. Bc4+ Kh8 11. Ne2 Nc6 12. c3 Na5 13. Bb3 Nxb3+ 14. axb3 Bg4 15. h3 Bxe2 16. Qxe2 Qd5 17. Qe3 Qxb3 18. Rhe1 Rf5 19. Bxe7 Re8 20. Bb4 a5 21. Ba3 b5 22. Bc5 Qc4 23. Kb1 b4 24. cxb4 axb4 25. Rc1 Qb5 26. Qb3 Rf2 27. Rc2 Rf1 28. Qxb4 Rxe1+ 29. Qxe1 e3 30. Qe2 Qd7 31. Rc3 Qf5+ 32. Kc1 Qf2 33. Kd1 Qg1+ 34. Kc2 h5 35. Rd3 Bh6 36.
d5 Qh2 37. Bd4+ Kh7 38. Rc3 Qd6 39. Bxe3 Qe5 40. Kd2 Qxd5+ 41. Rd3 Bxe3+ 42. Qxe3 Qxg2+ 0-1

[Event "*** MasterClass Titled Tuesday Blitz"]
[Site "Chess.com"]
[Date "2017.09.05"]
[Round "4"]
[White "novocane"]
[Black "Mistheoretical"]
[Result "1-0"]
[WhiteElo "2164"]
[BlackElo "2207"]
[TimeControl "180+2"]
[EndTime "13:57:51 PDT"]
[Termination "novocane won by resignation"]

1. d4 c5 2. d5 f5 3. Nc3 Nf6 4. g3 g6 5. Bg2 d6 6. Nh3 Nbd7 7.
O-O Bg7 8. Nf4 Ne5 9. e4 O-O 10.
h3 b5 11. exf5 b4 12. Ne4 Bxf5 13. Ng5 Bh8 14. Nge6 Qb6 15. Nxf8 Rxf8 16. b3 c4 17. Bb2 a5 18. Bd4 Qb5 19. Bxe5 dxe5 20. Ne6 Rc8 21. g4 Bxe6 22. dxe6 e4 23. Qe2 Bg7 24. Rad1 Qe5 25.
Rfe1 Qxe6 26. Bxe4 Nxe4 27. Qxe4 Qxe4 28. Rxe4 cxb3 29.
cxb3 Bf6 30. f4 g5 31. fxg5 Bxg5 32. Rd5 Bf6 33. Rxa5 Rc3 34. h4 Bxh4 35. g5 Rg3+ 36. Kh2 Rc3 37. Rxh4 1-0

[Event "*** MasterClass Titled Tuesday Blitz"]
[Site "Chess.com"]
[Date "2017.09.05"]
[Round "4"]
[White "PlotnikovPavel"]
[Black "Diwi89"]
[Result "1/2-1/2"]
[WhiteElo "2467"]
[BlackElo "2375"]
[TimeControl "180+2"]
[EndTime "13:57:53 PDT"]
[Termination "Game drawn by repetition"]

1. Nf3 Nf6 2. c4 e6 3. e3 Nc6 4. b3 d5 5. Bb2 g6 6. g4 Bg7 7.
g5 Nh5 8. Bxg7 Nxg7 9. Nc3 O-O 10. Qc2 Nf5 11. Be2 Nb4 12. Qb2 dxc4 13. bxc4 Nd3+ 14. Bxd3 Qxd3 15. Ne5 Qd8 16. Ne4 Ng7 17. Nf6+ Kh8 18. h4 h5 19. Rh3 b6 20. Rf3 Bb7 21. Rf4 Qe7 22. a4 a5 23. Ra3 Rad8 24.
Rd3 Rxd3 25. Nxd3 Bc6 26. Qa1 Be8 27. Ne5 c6 28. Qb2 b5 29. cxb5 cxb5 30. axb5 Qb7 31. Nxe8 Rxe8 32. Rxf7 Qh1+ 33. Ke2 Kg8 34. Ra7 Qe4 35. d3 Qf5 36. Nd7 Kh8 37. Nf6 Rf8 38. b6 e5 39. b7 Rd8 40. Qc3 e4 41. dxe4 Qb5+ 42. Kf3 Qf1 43. Ra8 Qh1+ 44. Kg3 Qg1+ 45. Kf3 Qh1+ 46. Kg3 Qg1+ 47. Kf3 Qh1+ 48. Kg3 Qg1+ 49.
Kf3 Qh1+ 50. Kg3 Qg1+ 51. Kf3 Qh1+ 1/2-1/2

[Event "*** MasterClass Titled Tuesday Blitz"]
[Site "Chess.com"]
[Date "2017.09.05"]
[Round "4"]
[White "nonscitis"]
[Black "joppie2"]
[Result "0-1"]
[WhiteElo "2420"]
[BlackElo "2593"]
[TimeControl "180+2"]
[EndTime "13:57:59 PDT"]
[Termination "joppie2 won by resignation"]

1. e4 c6 2. Nc3 d5 3. Nf3 dxe4 4.
Nxe4 Nf6 5. Qe2 Nxe4 6. Qxe4 Qd5 7. Qxd5 cxd5 8. Bb5+ Bd7 9. Bxd7+ Nxd7 10. d4 e6 11. Bf4 Be7 12. c3 O-O 13. Ne5 Nxe5 14. Bxe5 b5 15. a3 a5 16. Kd2 Rfc8 17. b3 a4 18.
Rhb1 h5 19. bxa4 bxa4 20. Rb7 Bf8 21. h4 Rc6 22. Rc7 Rb6 23. Kc2 Rb3 24. Bf4 Bxa3 25.
Ra2 Bf8 26. Rxa4 Rxc3+ 27. Rxc3 Rxa4 28. Rc8 Rxd4 29. Bd6 Rc4+ 30. Rxc4 dxc4 31. Be5 Bb4 32. f3 f6 33. Bb2 Be1 34. Bd4 e5 35. Be3 Bxh4 36.
Kc3 Kf7 37. Kxc4 Ke6 38. Kd3 Kf5 39. Ke2 g5 40. Bg1 Bg3 41. Be3 Bf4 42. Bg1 h4 43. Bf2 Bg3 44. Bg1 g4 45. Ba7 gxf3+ 46. Kxf3 e4+ 47.
Ke2 Kg4 48. Bb6 f5 49. Bd8 f4 50. Bb6 f3+ 51. Kf1 h3 52. gxf3+ Kxf3 53. Kg1 Bf2+ 54.
Bxf2 h2+ 0-1

[Event "*** MasterClass Titled Tuesday Blitz"]
[Site "Chess.com"]
[Date "2017.09.05"]
[Round "4"]
[White "tomsishere"]
[Black "Carolina-moon"]
[Result "1-0"]
[WhiteElo "2275"]
[BlackElo "2154"]
[TimeControl "180+2"]
[EndTime "13:58:04 PDT"]
[Termination "tomsishere won by checkmate"]

1. d4 f5 2. c4 Nf6 3. Nc3 g6 4. h4 Bg7 5. h5 gxh5 6. Bg5 O-O 7. e3 Qe8 8. Bd3 e6 9. Nge2 Qg6 10. Bxf6 Qxf6 11. Nf4 h4 12. Nh5 Qg5 13. Nxg7 Kxg7 14. Qe2 Nc6 15. O-O-O Ne7 16. g3 hxg3 17. Rdg1 Ng6 18.
Rxg3 Qf6 19. Qh5 Rh8 20. Nb5 d6 21. Nxc7 Rb8 22. d5 e5 23. Kb1 Bd7 24. Ne6+ Bxe6 25. dxe6 Qxe6 26. Bxf5 Qf6 27. Qh6+ Kf7 28. Be4 Ke7 29.
Rf3 Qe6 30. Qg7+ Kd8 31. Bxg6 Qg4 32. Qxh8+ Kc7 33. Qxh7+ Kb6 34. Bh5 Qg2 35. Rd1 Rc8 36. Rxd6+ Ka5 37. Rd5+ Ka6 38. Rf6+ b6 39. Qd3 Qh1+ 40.
Bd1 Qf1 41. Qxf1 Rc5 42. Rxc5 e4 43. Rc8 Kb7 44. Qh3 Ka6 45. Qd7 Ka5 46. Qb5# 1-0

[Event "*** MasterClass Titled Tuesday Blitz"]
[Site "Chess.com"]
[Date "2017.09.05"]
[Round "4"]
[White "Yaacovn"]
[Black "gkchesstiger"]
[Result "1/2-1/2"]
[WhiteElo "2634"]
[BlackElo "2660"]
[TimeControl "180+2"]
[EndTime "13:58:21 PDT"]
[Termination "Game drawn by agreement"]

1. d4 d5 2. Nf3 Nf6 3. c4 c6 4.
cxd5 cxd5 5. Nc3 Nc6 6. Bf4 e6 7. e3 Bd6 8. Bxd6 Qxd6 9. Bd3 O-O 10. O-O Bd7 11. Rc1 Rfc8 12. Bb1 Be8 13. h3 h6 14. Qd3 Rd8 15. a3 Rac8 16. Rc2 Qb8 17. Rfc1 g6 18. Ne2 Ne7 19. Ne5 Rxc2 20. Qxc2 Rc8 21. Qd2 Rxc1+ 22.
Qxc1 b6 23. Nf4 Qc8 24. Qd2 a5 25. Bd3 Qc7 26. f3 Nc6 27. Qc3 Qd6 28. Bb5 Ne7 29. Bd3 Nd7 30. Nxd7 Bxd7 31. Kf2 Ba4 32. Bb1 Bb5 33.
Bc2 Qc6 34. Qxc6 Nxc6 35. h4 Kf8 36. g4 g5 37. Ng2 Ke7 38. f4 f6 39. hxg5 hxg5 40.
fxg5 fxg5 41. Ne1 e5 42. Nf3 Kf6 43. Bf5 e4 44. Nd2 Ne7 45. Nb1 Nxf5 46. gxf5 Kxf5 47. Kg3 Bc6 48. Nc3 Kf6 49. b4 axb4 50. axb4 b5 51. Kg4 Kg6 52. Nd1 Bd7+ 53. Kg3 Kh5 54. Nc3 Bc6 55. Ne2 1/2-1/2

[Event "*** MasterClass Titled Tuesday Blitz"]
[Site "Chess.com"]
[Date "2017.09.05"]
[Round "4"]
[White "jk13"]
[Black "MartinMatthiesen"]
[Result "1-0"]
[WhiteElo "2427"]
[BlackElo "2308"]
[TimeControl "180+2"]
[EndTime "13:58:22 PDT"]
[Termination "jk13 won by resignation"]

1. e4 e5 2. Nf3 Nc6 3. Bc4 Be7 4. d3 Nf6 5. O-O d6 6. a4 O-O 7. Re1 Be6 8. Nc3 Qd7 9. a5 a6 10. Bg5 Ne8 11. Bd2 f5 12. Bxe6+ Qxe6 13. Nd5 Rc8 14. c3 Kh8 15. Qb3 Rb8 16. Qc4 Qd7 17. exf5 Qxf5 18. b4 Bd8 19. Rad1 Nf6 20. Nxf6 Bxf6 21. Qe4 Qd7 22.
c4 Rbd8 23. h3 d5 24. Qg4 Qxg4 25. hxg4 e4 26. dxe4 dxc4 27. e5 Be7 28. Rc1 Rxf3 29. gxf3 Rxd2 30. Rxc4 Bxb4 31. Rb1 Bxa5 32. Rxb7 Nd8 33.
Rb8 Kg8 34. Rf4 c6 35. Ra4 Bc7 36. Rc8 Rd7 37. e6 Re7 38. Rxa6 Kf8 39. f4 Ke8 40. Rxc6 Bxf4 41. Rc4 g5 42. R4c6 h6 43. Kg2 Bc7 44. R8xc7 Nxe6 45. Rxe7+ Kxe7 46. Ra6 Kf7 47. Kf3 Ke7 48.
Rb6 Kf7 49. Ke4 Ng7 50. Ke5 Ne8 51. Rxh6 Kg7 52. Rb6 Nc7 53. Rc6 Ne8 54. Kf5 1-0

[Event "*** MasterClass Titled Tuesday Blitz"]
[Site "Chess.com"]
[Date "2017.09.05"]
[Round "4"]
[White "Muracle"]
[Black "DrVitman"]
[Result "0-1"]
[WhiteElo "2459"]
[BlackElo "2501"]
[TimeControl "180+2"]
[EndTime "13:58:23 PDT"]
[Termination "DrVitman won by resignation"]

1. Nf3 Nf6 2. g3 d6 3. Bg2 g6 4.
d4 Bg7 5. O-O O-O 6. b3 c6 7.
Bb2 Bg4 8. Nbd2 Nbd7 9. h3 Bxf3 10. Nxf3 Qc7 11. Rc1 Rfe8 12. Nd2 e5 13. dxe5 Nxe5 14. c4 Rad8 15. Qc2 Ned7 16. e3 Nc5 17. Rfd1 Qe7 18. b4 Nce4 19. Nf3 d5 20. cxd5 Nxd5 21. Bxg7 Kxg7 22.
Qb2+ Kg8 23. Rd3 Nxb4 24. Rxd8 Rxd8 25. Rc4 Nd3 26. Qc2 Nexf2 27. Qe2 Re8 28. e4 b5 29. Rd4 Rd8 30. Kh2 c5 31. Rxd8+ Qxd8 32. e5 Qe7 33. Qe3 c4 34. Qd4 h6 35. Qd5 c3 36. Qc6 b4 37. Qc4 Nxe5 38. Qc8+ Kg7 39. Nd4 a5 40. Nb3 a4 41. Nd4 Nfd3 42. Qa6 b3 43. Qxa4 b2 44. Qc2 Qc5 45. Ne2 Qf2 46. a4 b1=Q 47. Qxb1 Qxe2 0-1

[Event "*** MasterClass Titled Tuesday Blitz"]
[Site "Chess.com"]
[Date "2017.09.05"]
[Round "4"]
[White "W_Amadeus"]
[Black "TenisMaster"]
[Result "1-0"]
[WhiteElo "2424"]
[BlackElo "2755"]
[TimeControl "180+2"]
[EndTime "13:58:24 PDT"]
[Termination "W_Amadeus won by resignation"]

1. d4 Nf6 2. c4 e6 3. Nf3 d5 4. g3 Bb4+ 5. Bd2 Bd6 6. Nc3 O-O 7. Bg5 c6 8. Bg2 Nbd7 9. e4 dxe4 10. Nxe4 Bb4+ 11.
Nc3 Qa5 12. Bd2 Qa6 13. Qe2 Nb6 14. b3 Qa5 15. Rc1 c5 16. dxc5 Qxc5 17. O-O Bd7 18. Ne5 Rab8 19. Bf4 Rbd8 20. Nd3 Qa5 21. Nxb4 Qxb4 22.
Bxb7 Nxc4 23. Bg2 Nb6 24. Rfd1 Bc8 25. Rxd8 Rxd8 26. Rd1 Rxd1+ 27. Qxd1 Bd7 28. Qd2 h6 29. Ne4 Qxd2 30. Nxf6+ gxf6 31. Bxd2 Kg7 32. Be3 Bb5 33. a4 Bd3 34. a5 Nc8 35. Bc5 Ba6 36. b4 Bb5 37.
Bb7 Bd7 38. b5 e5 39. b6 axb6 40. axb6 f5 41. Bg2 Nxb6 42. Bxb6 Be6 43. Ba5 f6 44. Bc3 Kg6 45. f4 exf4 46. gxf4 Bc4 47. Kf2 Bd3 48. Bf3 Bc2 49. Ke3 Bb1 50. Kd4 Bc2 51. Kc5 Bd3 52.
Kd6 Be4 53. Be2 Kf7 54. Bh5+ Kg7 55. Ke7 1-0

[Event "*** MasterClass Titled Tuesday Blitz"]
[Site "Chess.com"]
[Date "2017.09.05"]
[Round "4"]
[White "ALeks_Ivlev"]
[Black "wonderfultime"]
[Result "1-0"]
[WhiteElo "2442"]
[BlackElo "2655"]
[TimeControl "180+2"]
[EndTime "13:58:30 PDT"]
[Termination "ALeks_Ivlev won on time"]

1. d4 d5 2. c4 c6 3. Nf3 Nf6 4. e3 Bf5 5. Nc3 e6 6. Nh4 Be4 7. f3 Bg6 8. Nxg6 hxg6 9. Bd2 Bd6 10. Qb3 Qe7 11. O-O-O dxc4 12. Bxc4 O-O 13. h4 b5 14. Bd3 a5 15. Ne4 Nbd7 16. h5 Nxe4 17. Bxe4 g5 18. Kb1 Rfc8 19. Rc1 Ra6 20. Rc2 a4 21. Qd3 f5 22. Bxf5 exf5 23. Qxf5 Rf8 24. Qg4 Kh7 25. e4 Bf4 26. h6 g6 27. Bb4 c5 28. dxc5 Ne5 29. Qh3 Nc6 30. Rd1 Ra7 31. Bd2 b4 32. Bxf4 gxf4 33. Rcd2 Rf7 34. Rd6 Ne5 35. c6 b3 36. a3 Nc4 37. Rd7 Nxa3+ 38.
bxa3 Qxa3 39. R1d2 Qc5 40. Rxf7+ Rxf7 41. Qd7 Rxd7 42.
cxd7 Qg1+ 43. Kb2 a3+ 44. Kxb3 Qb6+ 45. Ka2 1-0

[Event "*** MasterClass Titled Tuesday Blitz"]
[Site "Chess.com"]
[Date "2017.09.05"]
[Round "4"]
[White "Bad4life"]
[Black "r31415"]
[Result "0-1"]
[WhiteElo "2160"]
[BlackElo "2161"]
[TimeControl "180+2"]
[EndTime "13:58:32 PDT"]
[Termination "r31415 won by resignation"]

1. e4 d6 2. d4 Nf6 3. Nc3 g6 4. f4 Bg7 5. Nf3 O-O 6. e5 dxe5 7. fxe5 Nd5 8. Bc4 Nb6 9. Bb3 c5 10. Be3 c4 11. O-O cxb3 12. axb3 Nc6 13. Ne4 Nd5 14. Bg5 Bg4 15. c3 h6 16. Bh4 Ne3 17. Qe2 Nxf1 18. Rxf1 f5 19. exf6 exf6 20. Qc4+ Kh8 21. Nc5 Qe7 22. Re1 Qf7 23. Qd3 Bf5 24. Qb5 Rab8 25. Bg3 Rbe8 26. Rf1 Nd8 27. Nh4 Bc2 28. h3 b6 29. Nd3 Re3 30. Ne1 Bxb3 31. Bf2 Bc4 32.
Nxg6+ Kg8 33. Qf5 Bxf1 34. Bxe3 Re8 35. Bf2 Bc4 36. Nf4 Be6 37. Qb5 Bd7 38. Qd3 Ne6 39. Nd5 Ng5 40. Nc7 Rc8 41. Nb5 Qc4 42. Qxc4+ Rxc4 43.
Nd6 Rc6 44. Nb5 Re6 45. Nxa7 Re2 46. Kf1 Rxb2 47. Nd3 Ra2 48. h4 Rxa7 49. hxg5 Bb5 50. Ke2 hxg5 51. Be3 Ra2+ 52. Bd2 f5 53. Ke3 f4+ 54.
Ke2 Bc4 55. g3 fxg3 56. Ke3 g2 57. d5 g1=Q+ 58. Nf2 Rxd2 59. Kxd2 Qxf2+ 60. Kc1 Bxc3 0-1

[Event "*** MasterClass Titled Tuesday Blitz"]
[Site "Chess.com"]
[Date "2017.09.05"]
[Round "4"]
[White "2L8IWUN"]
[Black "biostatistician"]
[Result "0-1"]
[WhiteElo "1770"]
[BlackElo "2422"]
[TimeControl "180+2"]
[EndTime "13:58:34 PDT"]
[Termination "biostatistician won by resignation"]

1. d4 Nf6 2. Bf4 g6 3. Nc3 Bg7 4. e4 d6 5. Qd2 Nc6 6. O-O-O O-O 7. Nf3 Bg4 8. Qe3 Qe8 9. Bg5 e5 10. dxe5 dxe5 11. Bb5 Bxf3 12. Qxf3 Nh5 13. Nd5 f6 14. Be3 Rf7 15. Bc4 Kh8 16. g4 Nf4 17. Nxf4 exf4 18.
Qxf4 Re7 19. f3 Ne5 20. Be2 Rd8 21. Qg3 Red7 22. Rxd7 Rxd7 23. h4 Qe6 24. Kb1 Nc4 25. Bxc4 Qxc4 26. Qe1 Kg8 27. Bc1 b6 28. Qf1 Qd4 29.
h5 Kf7 30. hxg6+ hxg6 31. Qh3 Rd8 32. Qh7 Rh8 33. Qxh8 Bxh8 34. Rxh8 Kg7 35. Rc8 Qd7 36. Ra8 a5 37. b3 Qd6 38. Re8 Kf7 39. Rh8 Qg3 40.
Rh7+ Ke6 41. Rg7 g5 42. Bb2 Qxf3 43. Rxc7 Qxg4 44. Rc6+ Kd7 45. Rxf6 Qxe4 46. Rxb6 g4 47. Rf6 g3 48. Rf7+ Ke6 49. Rg7 g2 50. Ba3 Qe1+ 51. Kb2 g1=Q 52. Re7+ Kd5 53. Rxe1 Qxe1 54. c3 Qd2+ 0-1

[Event "*** MasterClass Titled Tuesday Blitz"]
[Site "Chess.com"]
[Date "2017.09.05"]
[Round "4"]
[White "Frolik67"]
[Black "Tarlev_Konstantin"]
[Result "1-0"]
[WhiteElo "2522"]
[BlackElo "2599"]
[TimeControl "180+2"]
[EndTime "13:58:36 PDT"]
[Termination "Frolik67 won by resignation"]

1. e4 c5 2. Nf3 e6 3. d3 d5 4.
Nbd2 Bd6 5. g3 Ne7 6. Bg2 O-O 7. O-O Nbc6 8. Re1 Bc7 9. h4 e5 10. exd5 Nxd5 11. Nc4 Re8 12. Ng5 Nf6 13. Ne4 Nxe4 14.
Bxe4 Be6 15. Bxc6 bxc6 16. Nxe5 Bd5 17. Bf4 f6 18. Nc4 Bxf4 19. gxf4 Qd7 20. Ne3 Qh3 21.
Nxd5 Rxe1+ 22. Qxe1 Qg4+ 23. Kf1 cxd5 24. Qe3 Qxh4 25.
Re1 Qh5 26. Kg1 Qg4+ 27. Kf1 Qh5 28. Kg1 Qg4+ 29. Kf1 Qh5 30. Kg1 Kh8 31. Qxc5 Qg4+ 32. Kf1 Qh3+ 33. Ke2 Rc8 34. Kd2 h6 35. Qxa7 Qg2 36.
Qe3 d4 37. Qxd4 Qb7 38. c4 Qb4+ 39. Qc3 Qd6 40. Re4 Ra8 41. a3 Rb8 42. b4 Qc6 43. b5 Qc5 44. Ke2 h5 45. a4 h4 46. Qd4 Qh5+ 47.
Kd2 h3 48. Qd6 Rg8 49. Re1 Qf3 50. Qd5 Qxf2+ 51. Re2 Qxf4+ 52. Kc2 Qh4 53. Rh2 Re8 54. Qf3 Kg8 55. Rxh3 Qd4 56. Rh8+ Kxh8 57. Qh5+ Kg8 58. Qxe8+ Kh7 59. Qe4+ 1-0